 Dungeon Crawl Stone Soup version 0.31-a0-702-gf82c85558f (webtiles) character file.

Game seed: 2157185039264806522

6 qw the Shooter (level 1, 0/12 HPs)
             Began as a Gargoyle Hunter on Sept 7, 2023.
             Slain by a rat (2 damage)
             ... on level 1 of the Dungeon.
             The game lasted 00:00:04 (282 turns).

qw the Shooter (Gargoyle Hunter)                     Turns: 282, Time: 00:00:05

Health: 0/12       AC:  5    Str: 14    XL:     1   Next: 90%
Magic:  1/1        EV: 11    Int:  9    God:
Gold:   20         SH:  0    Dex: 13    Spells: 0/0 levels left

rFire   . . .        a - +0 shortbow
rCold   . . .        (shield currently unavailable)
rNeg    + . .        c - +0 leather armour
rPois   inf          (no helmet)
rElec   +            (no cloak)
rCorr   .            (no gloves)
SInv    .            (no boots)
Will    .....        (no amulet)
Stlth   +            (no ring)
HPRegen 0.22/turn    (no ring)
MPRegen 0.07/turn

%: no passive effects
@: no status effects
A: sickness immunity, AC +2, negative energy resistance 1, electricity
resistance, torment resistance 1, petrification resistance
a: no special abilities


You were on level 1 of the Dungeon.
You visited 1 branch of the dungeon, and saw 1 of its levels.

You collected 20 gold pieces.


Innate Abilities, Weirdness & Mutations

You are immune to sickness and miasma.
Your stone body is resilient. (AC +2)
You are immune to poison.
You resist negative energy. (rN+)
You are resistant to electric shocks. (rElec)
You are resistant to unholy torment.
You are immune to petrification.


   Skills:
 - Level 2.1 Fighting
 + Level 4.3 Ranged Weapons
 - Level 1.5 Dodging
 - Level 1.1 Stealth


You couldn't memorise any spells.
You didn't know any spells.
Your spell library was empty.

Inventory:

Hand Weapons
 a - a +0 shortbow (weapon)
Armour
 c - a +0 leather armour (worn)
Scrolls
 b - a scroll of butterflies
 e - a scroll of brand weapon {unknown}
Potions
 d - a potion of curing {unknown}

Dungeon Overview and Level Annotations

Branches:
Dungeon (1/15)

Altars:


Message History

The hobgoblin hits you but does no damage.
The hobgoblin hits you.
You shoot an arrow. The arrow closely misses the hobgoblin.
The hobgoblin barely misses you.
You shoot an arrow. The arrow barely misses the hobgoblin.
The hobgoblin barely misses you.
You shoot an arrow. The arrow hits the hobgoblin.
You kill the hobgoblin!
You start resting.
HP restored.
Found a stone staircase leading down.
A kobold comes into view.
It is wielding a +4 vampiric short sword.
You shoot an arrow. The arrow hits the kobold.
You kill the kobold! 2 rats and a kobold come into view.
You shoot an arrow.
The arrow hits the rat but does no damage.
The kobold shouts!
The rat closely misses you.
You shoot an arrow. The arrow hits the rat!
You kill the rat!
You shoot an arrow. The arrow completely misses the kobold.
You shoot an arrow. The arrow closely misses the kobold.
The kobold hits you with a +0 whip.
You shoot an arrow. The arrow closely misses the kobold.
The kobold hits you with a +0 whip. The rat bites you but does no damage.
You shoot an arrow. The arrow closely misses the kobold.
The rat bites you but does no damage. The kobold hits you with a +0 whip.
The kobold hits you but does no damage. The rat barely misses you.
You shoot an arrow. The arrow hits the kobold.
The kobold is moderately wounded.
The kobold hits you with a +0 whip. The rat barely misses you.
You shoot an arrow.
The arrow hits the kobold but does no damage.
The kobold is moderately wounded.
The kobold closely misses you. The rat bites you but does no damage.
You shoot an arrow. The arrow hits the kobold.
You kill the kobold!
The rat bites you.
You die...

#....####.................##
#....# ##############..#.#
#....## #...# #.....##.#
#......## #...# #.....##.#
#...##...# #...###........#
##### ##..##...##..########
#..#...#.......#
######.#.....#####.#
......r@....## ......)#.#..#
.......#.>.....
...)...######... .......
.... ....... ... ....... ..
.......


You could see a rat.

Vanquished Creatures
  A goblin (D:1)
  A hobgoblin (D:1)
  A bat (D:1)
  2 kobolds (D:1)
  3 rats (D:1)
8 creatures vanquished.

Notes
Turn   | Place    | Note
-------+----------+-------------------------------------------
     0 | D:1      | qw the Gargoyle Hunter began the quest for the Orb.
     0 | D:1      | Reached XP level 1. HP: 12/12 MP: 1/1
     0 | D:1      | 0 ||| qw: Version: 0.3-a-76-g4403597
     0 | D:1      | 0 ||| qw: Game counter: 814
     0 | D:1      | 0 ||| qw: Melee chars always use a shield: true
     0 | D:1      | 0 ||| qw: God list: Okawaru
     0 | D:1      | 0 ||| qw: Allow faded altars: false
     0 | D:1      | 0 ||| qw: Do Orc after clearing Dungeon:15 true
     0 | D:1      | 0 ||| qw: Do second Lair branch before Depths: true
     0 | D:1      | 0 ||| qw: Lair rune preference: random
     0 | D:1      | 0 ||| qw: Goals: Normal
     0 | D:1      | 0 ||| PLANNING D:1-11
    52 | D:1      | Found a faded altar of an unknown god.
   280 | D:1      | HP: 1/12 [kobold/+0 whip (3)]
   282 | D:1      | Slain by a rat

Levels and vault maps discovered:
D:1:      lightli_molten_gateway, layout_basic,
          ebering_ecumenical_altar_abandoned

Action                     || total
---------------------------++-------
   Fire: Shortbow          ||    22
 Armour: Leather armour    ||    13
  Dodge: Dodged            ||     6

Table legend:
 A = Non-vault XP
 B = Vault XP
 C = Vault XP percentage of total XP
 D = Non-vault monster count
 E = Vault monster count
 F = Vault count percentage of total count
                 A         B        C        D         E       F
            +---------+---------+-------+---------+---------+-------
      Total |      10 |       0 |   0.0 |       8 |       0 |   0.0
            +---------+---------+-------+---------+---------+-------
        D:1 |      10 |       0 |   0.0 |       8 |       0 |   0.0
            +---------+---------+-------+---------+---------+-------
